 Dungeon Crawl Stone Soup version bcrawl-1.21.2-28-g2cb1824106 (webtiles) character file.

Game seed: 12110982744975854582

60 Banto the Slasher (level 3, -1/29 HPs)
             Began as a Demigod Wanderer on Mar 20, 2020.
             Slain by an orc
             ... wielding a +0 flail
              (2 damage)
             ... on level 2 of the Dungeon.
             The game lasted 00:01:54 (2189 turns).

Banto the Slasher (Demigod Wanderer)                Turns: 2189, Time: 00:01:54

Health: -1/29      AC:  4    Str: 14    XL:     3   Next: 82%
Magic:  7/7        EV: 11    Int: 25    God:    Demigod [*.....]
Gold:   191        SH:  1    Dex: 17    Spells: 4/4 levels left

rFire    . . .     SeeInvis +   a - +2 falchion
rCold    . . .     Gourm    .   (no shield)
rNeg     . . .     Faith    .   h - +0 leather armour
rPois    .         Spirit   .   (no helmet)
rElec    .         Reflect  .   (no cloak)
rCorr    .         Harm     .   (no gloves)
MR       .....                  p - +0 pair of boots
Stlth    ++........             (no amulet)
HPRegen  0.09/turn              o - +6 ring of intelligence
MPRegen  0.10/turn              k - ring of see invisible

@: no status effects
A: high mp 1
a: Temporal Distortion


You were on level 2 of the Dungeon.
You worshipped Demigod.
Demigod was aware of your devotion.
You were not hungry.

You visited 1 branch of the dungeon, and saw 3 of its levels.

You collected 191 gold pieces.

Inventory:

Hand Weapons
 a - a +2 falchion (weapon)
Missiles
 b - 92 tomahawks (quivered)
Armour
 h - a +0 leather armour (worn)
 p - a +0 pair of boots (worn)
Jewellery
 j - an uncursed ring of wizardry
 k - a ring of see invisible (right hand)
 o - a +6 ring of intelligence (left hand)
Scrolls
 d - 4 scrolls of identify {unknown}
 i - a scroll of fear {unknown}
Potions
 f - a potion of might {unknown}
 g - a potion of agility {unknown}
 l - a potion of degeneration {unknown}
 n - a potion of flight {unknown}
Comestibles
 c - a chunk of flesh
 e - 6 rations {!d}


   Skills:
 - Level 1.9 Fighting
 + Level 2.8 Long Blades
 - Level 1.1 Throwing
 + Level 1.1 Dodging
 - Level 1.1 Stealth
 - Level 1.1 Spellcasting
   Level 1.0 Translocations
   Level 1.0 Fire Magic
 + Level 1.8 Invocations
   Level 1.0 Evocations


You had 4 spell levels left.
You didn't know any spells.
Your spell library was empty.

Dungeon Overview and Level Annotations

Branches:
Dungeon (3/12)


Innate Abilities, Weirdness & Mutations

You have an increased reservoir of magic. (+10% MP)


Message History

You hit the bat.
You kill the bat!
Your kill strengthens your divinity.
You hit the dart slug.
The dart slug is lightly wounded.
The dart slug misses you.
You hit the dart slug.
The dart slug is severely wounded.
The dart slug bites you.
You slash the dart slug!
You kill the dart slug!
Your kill strengthens your divinity.
You hit the orc but do no damage. The orc hits you with a +0 flail.
You closely miss the orc. The orc hits you but does no damage.
You hit the orc but do no damage. The orc hits you with a +0 flail!
* * * LOW HITPOINT WARNING * * *
You closely miss the orc. The orc hits you with a +0 flail.
You die...
Your divinity fades.

##############
#......#......
#.####.#......
#####.#..#.#......
#........).'......
#.###.#..#.#......
#@# #.#..#.#######
#o# #.#..#.# #.#
#.#..#.# ####
#######
###†###....#.# #...
#<....#
#...÷......#.####...
#####.#
#.)>[......+....'...
#.#
#..........######...
#.# #..........#
#... #.#
#....>.....# #...


You could see an orc.

Vanquished Creatures
  3 dart slugs
  9 leopard geckos
  2 orcs (D:2)
  A ball python (D:2)
  5 bats
  A giant cockroach (D:1)
  A hobgoblin (D:2)
  2 jackals (D:2)
  5 kobolds
  A quokka (D:2)
  2 frilled lizards
  3 goblins
  5 rats
40 creatures vanquished.

Notes
Turn   | Place    | Note
-------+----------+-------------------------------------------
     0 | D:1      | Banto the Demigod Wanderer began the quest for the Orb.
     0 | D:1      | Banto set off with the following items: a +2 falchion, 92
                  | tomahawks, a +0 dagger, a +0 robe, a ration {!d}
     0 | D:1      | Reached XP level 1. HP: 17/17 MP: 4/4
   191 | D:1      | Reached skill level 2 in Long Blades
   290 | D:1      | Reached XP level 2. HP: 24/24 MP: 6/6
  1139 | D:2      | Found a corrupted altar of Lugonu.
  1139 | D:2      | Found a white marble altar of Elyvilon.
  1144 | D:2      | Found a radiant altar of Vehumet.
  1146 | D:2      | Found a shimmering blue altar of Sif Muna.
  1147 | D:2      | Found an opulent altar of Gozag.
  1239 | D:2      | Reached skill level 1 in Invocations
  1239 | D:2      | Reached XP level 3. HP: 27/29 MP: 7/7
  1411 | D:2      | Reached * piety under Demigod
  1635 | D:2      | Reached skill level 1 in Dodging
  2186 | D:2      | HP: 1/29 [orc/+0 flail (10)]
  2189 | D:2      | Slain by an orc

Skill      XL: |  1  2  3 |
---------------+----------+-----
Long Blades    | 2 |  2.8
Invocations    | 1 |  1.8
Dodging        | 1 |  1.1
Fighting       | |  1.9
Throwing       | |  1.1
Stealth        | |  1.1
Spellcasting   | |  1.1
Translocations | |  1.0
Fire Magic     | |  1.0
Evocations     | |  1.0

Action                   || total
-------------------------++-------
Melee: Falchion          ||   124
 Stab: Sleeping          ||     5
  Eat: Chunk             ||     4
Armor: Robe              ||     3
       Leather armour    ||    48
Dodge: Dodged            ||    86
Block: Other             ||     2
